 Dungeon Crawl Stone Soup version 0.29-a0-1006-g0dd7720b37 (webtiles) character file.

Game seed: 8010537434028544974

1313 Sobieck the Sneak (level 8, -12/42 HPs)
             Began as a Vine Stalker Brigand on Aug 6, 2022.
             Was a Believer of Uskayaw.
             Mangled by an orc warrior
             ... wielding a +0 halberd
              (17 damage)
             ... on level 6 of the Dungeon.
             The game lasted 00:10:23 (4581 turns).

Sobieck the Sneak (Vine Stalker Brigand)            Turns: 4581, Time: 00:10:23

Health: -12/42     AC: 11    Str: 15    XL:     8   Next: 58%
Magic:  0/9        EV: 12    Int: 11    God:    Uskayaw [**....]
Gold:   285        SH:  0    Dex: 17    Spells: 7/7 levels left

rFire   . . .      SeeInvis .   a - +1 short sword (elec) {short}
rCold   . . .      Faith    .   (no shield)
rNeg    . . .      Spirit   +   k - +0 ring mail
rPois   .          Reflect  .   t - +2 hat
rElec   .          Harm     .   n - +2 cloak
rCorr   .          Rampage  .   (no gloves)
Will    +....                   D - +0 pair of boots
Stlth   +++.......              g - amulet of regeneration {@e2}
HPRegen 1.74/turn               (no ring)
MPRegen 0.11/turn               (no ring)

@: no status effects
A: fangs 3, regeneration 1, magic shield, antimagic bite, no potion heal 2
a: Renounce Religion, Stomp, Line Pass


You were on level 6 of the Dungeon.
You worshipped Uskayaw.
Uskayaw was noncommittal.
You visited 2 branches of the dungeon, and saw 8 of its levels.

You collected 285 gold pieces.


Innate Abilities, Weirdness & Mutations

You have razor-sharp teeth.
Your natural rate of healing is unusually fast.
When hurt, damage is shared between your health and your magic reserves.
Your bite disrupts and absorbs the magic of your enemies.
Potions cannot restore your health.


   Skills:
 + Level 4.5 Fighting
 * Level 6.3 Short Blades
 - Level 1.7 Throwing
 - Level 3.0 Dodging
 + Level 7.9 Stealth


You had 7 spell levels left.
You didn't know any spells.
Your spell library contained the following spells:

 Spells                   Type           Power      Damage    Failure   Level
 Beastly Appendage        Tmut           0%         N/A       56%         1
 Wereblood                Tmut           0%         N/A       71%         2
 Spider Form              Tmut/Pois      0%         N/A       91%         3

Inventory:

Hand Weapons
 a - a +1 short sword of electrocution (weapon) {short}
   (You took it off an orc priest on level 6 of the Dungeon)
 f - a +2 spear of venom {polearm}
   (You found it on level 1 of the Dungeon)
 W - a +2 dagger of draining {short}
Missiles
 d - 14 poisoned darts (quivered) {throwing}
 e - 3 curare-tipped darts {=fthrowing}
 r - 4 javelins {throwing}
 v - 4 boomerangs {throwing}
 w - 42 stones {throwing}
Armour
 b - a +0 robe
 c - a +0 cloak
 j - a +0 ring mail
   (You found it on level 4 of the Dungeon)
 k - a +0 ring mail (worn)
   (You found it on level 1 of the Dungeon)
 m - a +0 plate armour
   (You found it on level 1 of the Dungeon)
 n - a +2 cloak (worn)
   (You found it on level 1 of the Dungeon)
 o - a +2 hat
   (You found it on level 4 of the Dungeon)
 t - a +2 hat (worn)
   (You found it on level 1 of the Dungeon)
 x - a +0 scale mail
   (You found it on level 2 of the Dungeon)
 z - a +0 robe
   (You found it on level 2 of the Dungeon)
 D - a +0 pair of boots (worn)
   (You found it on level 2 of the Dungeon)
 E - a +0 scale mail
   (You took it off an orc on level 5 of the Dungeon)
 G - a +0 ring mail
   (You found it on level 5 of the Dungeon)
 I - a +0 leather armour
   (You found it on level 3 of the Dungeon)
 K - a +0 robe
   (You took it off a wight on level 6 of the Dungeon)
 L - a +0 robe
   (You took it off an orc wizard on level 6 of the Dungeon)
 N - a +0 leather armour
   (You took it off an orc on level 6 of the Dungeon)
 O - a +0 ring mail
   (You took it off an orc on level 6 of the Dungeon)
 P - a +0 leather armour
   (You found it on level 6 of the Dungeon)
 Q - a +0 robe
   (You found it on level 6 of the Dungeon)
 R - a +0 robe
   (You took it off a wight on level 6 of the Dungeon)
 S - a +0 robe
   (You took it off a wight on level 6 of the Dungeon)
 T - a +0 ring mail
   (You found it on level 6 of the Dungeon)
 U - a +0 leather armour
   (You took it off an orc on level 6 of the Dungeon)
 V - a +0 chain mail
   (You took it off an orc on level 6 of the Dungeon)
 X - a +0 leather armour
   (You took it off an orc on level 6 of the Dungeon)
 Y - a +0 leather armour
   (You took it off an orc on level 6 of the Dungeon)
 Z - a +0 leather armour
   (You took it off an orc on level 6 of the Dungeon)
Jewellery
 g - an amulet of regeneration (around neck) {@e2}
   (You found it on level 5 of the Dungeon)
 i - a ring of ice
   (You found it on level 1 of the Dungeon)
Wands
 y - a wand of roots (13)
   (You found it on level 5 of the Dungeon)
Scrolls
 l - 2 scrolls of torment {!r}
 q - 2 scrolls of teleportation {@r4}
 A - 2 scrolls of vulnerability {!r!r}
Potions
 h - 6 potions of curing {@q1}
 p - 2 potions of mutation {!q}
 s - a potion of might {unknown}
 u - a potion of ambrosia {unknown}
 B - a potion of resistance
 C - 2 potions of flight
 F - 2 potions of attraction {unknown}
 H - a potion of invisibility {unknown}
 J - 5 potions of heal wounds {@q2}
 M - a potion of degeneration {unknown}

Dungeon Overview and Level Annotations

Branches:
Dungeon (7/15) Zot: 26983  Temple (1/1) D:6 Zot: 5917

Altars:
Ashenzari
Cheibriados
Elyvilon
Fedhas
Gozag
Hepliaklqana
Kikubaaqudgha
Makhleb
Nemelex Xobeh
Okawaru
Qazlal
Ru
Sif Muna
Trog
Uskayaw
Vehumet
Wu Jian
Xom
Yredelemnul
Zin
The Shining One

Annotations:
D:5 1 transporter, jlumianski's ghost, novice DsNe

######### #.......# #.#####.#
#.# ##.## #.####...##
#.#.......#
############.#.o#...## #####
#.<.......##.#.@.#.########...#
#.###...................).)...#
#.###.###.##.......########...##
#.........#####.#### #.....)..
#####.##### #.# #.###.### #.#
#.# #.....# # #.# ##'## #.#####
# ##.## ##...## #.#######
##...## ##.....## #........


You could see an orc warrior.


Message History

You stick the orc like a pincushion!!!
You kill the orc!
Things that are here:
a +0 dagger {short}; a +0 leather armour The orc shouts!
The orc hits you but does no damage.
You hit the orc but do no damage. You bite the orc, but do no damage.
The orc hits you but does no damage.
You closely miss the orc. The orc hits you but does no damage.
You barely miss the orc. You bite the orc, but do no damage. You hit the orc.
Your bite misses the orc. The orc hits you but does no damage.
You hit the orc. Your bite misses the orc. The orc closely misses you.
You hit the orc but do no damage. The orc misses you.
You hit the orc.
You kill the orc!
No target in view!
X - a +0 leather armour You see here a +0 dagger {short}.
Y - a +0 leather armour
Things that are here:
a +0 falchion {long}; an orc corpse You see here a +0 dagger {short}.
Z - a +0 leather armour
Things that are here:
a +0 trident {polearm}; an orc corpse You see here a +0 dagger {short}.
Things that are here:
a +0 falchion {long}; an orc corpse
Found a stone staircase leading down.
Unknown command.
Found an escape hatch in the ceiling.
Unknown command.
Things that are here:
a +0 falchion {long}; an orc corpse You see here a +0 dagger {short}.
There is an open door here.
You open the door.
There is an open door here.
There is an escape hatch in the floor here.
There is an escape hatch in the floor here.
You open the door.
There is an open door here.
There is a radiant altar of Vehumet here.
Done exploring.
Done exploring.
You see here a +0 dagger {short}.
There is a staircase to the Ecumenical Temple here.
There is an open door here.
You open the door.
There is an open door here.
There is a stone staircase leading down here.
Unknown command.
You climb downwards.
There is a stone staircase leading up here.
Danger!
Unknown command.
Unknown command.
An orc comes into view. It is wielding a +0 mace.
The orc warrior shouts!
The orc shouts!
You hear a shout!
An orc comes into view. It is wielding a +0 dagger.
Unknown command.
There is a stone staircase leading up here.
The orc warrior closely misses you.
There is a stone staircase leading up here.
Unknown command.
The orc warrior hits you with a +0 halberd!!
You climb upwards.
There is a stone staircase leading down here.
Unknown command.
Unknown command.
You are too injured to fight recklessly!
You hit the orc warrior but do no damage.
Unknown command.
You completely miss the orc warrior. You bite the orc warrior!
You drain its power.
You feel invigorated. The orc warrior misses you.
You hit the orc warrior but do no damage.
Your bite misses the orc warrior.
The orc warrior hits you with a +0 halberd.
You hit the orc warrior but do no damage.
Lightning courses through the orc warrior!
The orc warrior hits you with a +0 halberd!
* * * LOW HITPOINT WARNING * * *
You can now pass through a line of other dancers.
You hit the orc warrior. You barely miss the orc warrior.
The orc warrior hits you with a +0 halberd!
* * * LOW HITPOINT WARNING * * *
Unknown command.
You barely miss the orc warrior.
You bite the orc warrior, but do no damage.
The orc warrior hits you with a +0 halberd!
* * * LOW HITPOINT WARNING * * *
Unknown command.
You hit the orc warrior but do no damage.
You bite the orc warrior, but do no damage.
The orc warrior barely misses you.
Unknown command.
You hit the orc warrior but do no damage.
The orc warrior hits you with a +0 halberd!!
You die...

Skill      XL: |  1  2  3  4  5  6  7  8 |
---------------+-------------------------+-----
Short Blades   | 2 3 4 5 6 |  6.3
Dodging        | 1 2 3 |  3.0
Stealth        | 5 6 7 |  7.9
Fighting       | 2 3 4 |  4.5
Throwing       | |  1.7

Action                   |  1- 3 |  4- 6 |  7- 9 || total
-------------------------+-------+-------+-------++-------
Melee: Dagger            |   104 |   136 |   133 ||   373
       Bite              |    10 |    33 |    45 ||    88
       Punch             |       |       |     1 ||     1
       Short sword       |       |       |    18 ||    18
Throw: Dart              |       |     2 |       ||     2
Invok: Line Pass         |       |       |     1 ||     1
  Use: Scroll            |       |    13 |     5 ||    18
       Potion            |       |     1 |       ||     1
 Stab: Sleeping          |     7 |     6 |     5 ||    18
       Distracted        |       |     1 |       ||     1
Armor: Robe              |     4 |       |       ||     4
       Ring mail         |    35 |    41 |    47 ||   123
Dodge: Dodged            |    45 |    65 |    62 ||   172

Levels and vault maps discovered:
D:1:      spicycebolla_arrival_clurvy, layout_basic,
          hellmonk_ecumenical_altar_crossroads
D:2:      layout_rooms
D:3:      layout_basic
D:4:      nicolae_cairo_tiling_very_big, layout_basic, overflow_temple_1_default
D:5:      layout_cave_pools, gammafunk_ghost_mausoleum
D:6:      layout_loops_corners, mainiacjoe_overflow_small_starburst,
          minmay_temple_entry_mini_moons, minivault_24
D:7:      layout_loops_cross, uniq_crazy_yiuf_cottage, uniq_prince_ribbit1,
          uniq_pikel
Temple:   compressed_dpeg_triangle_lava_temple

Notes
Turn   | Place    | Note
-------+----------+-------------------------------------------
     0 | D:1      | Sobieck the Vine Stalker Brigand began the quest for the
                  | Orb.
     0 | D:1      | Reached XP level 1. HP: 11/11 MP: 2/2
   149 | D:1      | Found a faded altar of an unknown god.
   170 | D:1      | Reached skill level 2 in Short Blades
   227 | D:1      | Reached skill level 1 in Dodging
   227 | D:1      | Reached XP level 2. HP: 11/15 MP: 3/3
   391 | D:1      | Reached skill level 5 in Stealth
   418 | D:1      | Reached skill level 2 in Fighting
   840 | D:1      | Reached XP level 3. HP: 18/18 MP: 4/4
  1225 | D:2      | Gained mutation: Your natural rate of healing is unusually
                  | fast. [Vine Stalker growth]
  1225 | D:2      | Reached XP level 4. HP: 14/23 MP: 3/5
  1654 | D:3      | Reached skill level 3 in Short Blades
  2043 | D:3      | Reached XP level 5. HP: 27/27 MP: 6/6
  2317 | D:4      | Reached skill level 2 in Dodging
  2425 | D:4      | Found an iron altar of Okawaru.
  2629 | D:5      | Entered Level 5 of the Dungeon
  2681 | D:5      | Noticed jlumianski's ghost (novice DsNe)
  2682 | D:5      | Found a transporter.
  2768 | D:5      | HP: 6/26 [poisoned by an orc]
  2853 | D:5      | Noticed a water moccasin
  2859 | D:5      | Killed a water moccasin
  2860 | D:5      | Reached skill level 3 in Fighting
  2860 | D:5      | Reached skill level 4 in Short Blades
  2860 | D:5      | Reached skill level 6 in Stealth
  2860 | D:5      | Reached XP level 6. HP: 31/32 MP: 7/7
  2871 | D:5      | You pick up a book of Changes and begin reading...
  2871 | D:5      | You add the spells Beastly Appendage, Wereblood and Spider
                  | Form to your library.
  2973 | D:5      | Reached XP level 7. HP: 36/36 MP: 8/8
  3166 | D:5      | Reached skill level 3 in Dodging
  3429 | D:6      | Found a radiant altar of Vehumet.
  3442 | D:6      | Reached skill level 5 in Short Blades
  3493 | D:6      | Reached skill level 7 in Stealth
  3516 | D:6      | Found a staircase to the Ecumenical Temple.
  3529 | Temple   | Entered the Ecumenical Temple
  3598 | Temple   | Became a worshipper of Uskayaw the Reveller
  3634 | D:6      | Reached * piety under Uskayaw
  3641 | D:6      | Reached ** piety under Uskayaw
  3642 | D:6      | Gained mutation: You have razor-sharp teeth. [Vine Stalker
                  | growth]
  3642 | D:6      | Reached XP level 8. HP: 37/42 MP: 7/9
  3728 | D:6      | Reached skill level 4 in Fighting
  3915 | D:6      | Reached *** piety under Uskayaw
  3962 | D:6      | Reached skill level 6 in Short Blades
  4579 | D:6      | HP: 3/42 [orc warrior/+0 halberd (12)]
  4581 | D:6      | Mangled by an orc warrior

Vanquished Creatures
  2 water moccasins (D:5)
  An ice beast (D:6)
  2 phantoms
  A bullfrog (D:6)
  A necrophage (D:5)
  2 scorpions
  3 wights (D:6)
  2 howler monkeys
  4 hounds
  An orc priest (D:6)
  3 iguanas
  An orc wizard (D:6)
  5 adders
  A worm (D:5)
  2 dart slugs
  15 orcs
  5 endoplasms
  3 giant cockroaches
  8 goblins
  8 hobgoblins
  4 jackals (D:3)
  3 kobolds
  4 quokkas
  5 ball pythons
  8 bats
  3 frilled lizards
  5 rats
  A butterfly (D:1)
103 creatures vanquished.

Table legend:
 A = Non-vault XP
 B = Vault XP
 C = Vault XP percentage of total XP
 D = Non-vault monster count
 E = Vault monster count
 F = Vault count percentage of total count
                 A         B        C        D         E       F
            +---------+---------+-------+---------+---------+-------
      Total |    1876 |       0 |   0.0 |     102 |       0 |   0.0
            +---------+---------+-------+---------+---------+-------
        D:1 |      37 |       0 |   0.0 |      22 |       0 |   0.0
        D:2 |      83 |       0 |   0.0 |      20 |       0 |   0.0
        D:3 |      45 |       0 |   0.0 |      12 |       0 |   0.0
        D:4 |      95 |       0 |   0.0 |       9 |       0 |   0.0
        D:5 |     726 |       0 |   0.0 |      15 |       0 |   0.0
        D:6 |     890 |       0 |   0.0 |      24 |       0 |   0.0
            +---------+---------+-------+---------+---------+-------

Illustrated notes

Table legend:
 A = Kills in this place as a percentage of kills in entire the game.
 B = Kills by you in this place as a percentage of kills by you in the entire game.
 C = Kills by friends in this place as a percentage of kills by friends in the entire game.
 D = Other kills in this place as a percentage of other kills in the entire game.
 E = Experience gained in this place as a percentage of experience gained in the entire game.
 F = Experience gained in this place divided by the number of levels of this place that you have seen.
                   A       B       C       D       E      F
               +-------+-------+-------+-------+-------+----------------------
         Total | 100.0 | 100.0 |   N/A | 100.0 | 100.0 | 234.5
       Dungeon | 100.0 | 100.0 |   N/A | 100.0 | 100.0 | 268.0
               +-------+-------+-------+-------+-------+----------------------

Table legend: (Time is in decaauts)
 A = Elapsed time spent in this place.
 B = Non-inter-level travel time spent in this place.
 C = Inter-level travel time spent in this place.
 D = Time resting spent in this place.
 E = Time spent auto-exploring this place.
 F = Levels seen in this place.
 G = Mean time per level.
                   A        B        C        D        E       F      G
               +--------+--------+--------+--------+--------+-----+--------+
         Total |   4509 |   4361 |    148 |    110 |   3315 |   8 |  563.6 |
       Dungeon |   4426 |   4290 |    136 |    110 |   3266 |   7 |  632.3 |
        Temple |     82 |     70 |     12 |      0 |     49 |   1 |   82.0 |
               +--------+--------+--------+--------+--------+-----+--------+

Top non-repeatable levels by time:
     D:6: 1047 daAuts
     D:1: 957 daAuts
     D:5: 764 daAuts
     D:2: 563 daAuts
     D:3: 560 daAuts
     D:4: 526 daAuts
  Temple: 82 daAuts
     D:7: 7 daAuts
